 Dungeon Crawl Stone Soup version 0.30.1-3-gfc49f6343a (webtiles) character file.

Game seed: 12788753304024034980

1600 Arctor the Sneak (level 8, -2/69 HPs)
             Began as a Gargoyle Venom Mage on July 24, 2023.
             Slain by a wight
             ... wielding a +0 halberd
              (13 damage)
             ... on level 7 of the Dungeon.
             The game lasted 00:16:32 (6462 turns).

Arctor the Sneak (Gargoyle Venom Mage)              Turns: 6462, Time: 00:16:33

Health: -2/69      AC: 24    Str: 12    XL:     8   Next: 94%
Magic:  5/14       EV:  2    Int: 18    God:
Gold:   353        SH:  0    Dex: 10    Spells: 0/16 levels left

rFire   . . .        e - +1 dagger (venom)
rCold   . . .        (no shield)
rNeg    + . .        a - melded +0 robe
rPois   ∞            (helmet currently unavailable)
rElec   .            (cloak currently unavailable)
rCorr   .            i - melded +0 pair of gloves
SInv    .            y - melded +1 pair of boots
Will    .....        w - amulet of faith
Stlth   +++          g - ring of wizardry
HPRegen 0.31/turn    r - +5 ring of evasion
MPRegen 0.14/turn

%: faith, wizardry (x1)
@: tree-form, freezing walls, very slightly contaminated
A: stationary, stasis, torment immunity, boosted hp, sickness immunity, AC +5,
negative energy resistance 1, (electricity resistance), torment resistance 1,
petrification resistance
a: no special abilities


You were on level 7 of the Dungeon.
You were a tree.
You visited 1 branch of the dungeon, and saw 7 of its levels.

You collected 353 gold pieces.

Inventory:

Hand Weapons
 e - a +1 dagger of venom (weapon)
 f - a +0 dagger of venom
Missiles
 k - a throwing net
Armour
 a - a +0 robe (melded)
 i - a +0 pair of gloves (melded)
 y - a +1 pair of boots (melded)
Jewellery
 g - a ring of wizardry (left branch)
 r - a +5 ring of evasion (right branch)
 w - an amulet of faith (around neck)
Wands
 m - a wand of roots (9)
 p - a wand of flame (7)
Scrolls
 h - a scroll of fog
 j - 2 scrolls of noise
 n - a scroll of magic mapping
 q - a scroll of teleportation
 x - a scroll of enchant weapon {unknown}
Potions
 b - a potion of magic
 d - a potion of might
 l - 2 potions of heal wounds
 o - 3 potions of curing
 s - a potion of flight {unknown}
 t - a potion of attraction {unknown}
 v - 2 potions of cancellation {unknown}


   Skills:
 + Level 3.2 Fighting
 + Level 4.1 Dodging
 + Level 5.9 Stealth
 + Level 4.6 Spellcasting
 + Level 3.8 Transmutations
 + Level 5.5 Poison Magic


You couldn't memorise any spells.
You knew the following spells:

 Your Spells              Type           Power      Damage    Failure   Level
a - Sting                 Tmut/Pois      84%        1d7       1%          1
b - Frozen Ramparts       Ice            8%         1d2       16%         3
c - Ensorcelled Hibernat  Hex/Ice        8%         N/A       9%          2
d - Mephitic Cloud        Conj/Pois/Air  10%        N/A       8%          3
e - Olgreb's Toxic Radia  Pois           24%        N/A       6%          4
f - Spider Form           Tmut/Pois      21%        N/A       2%          3

Your spell library contained the following spells:

 Spells                   Type           Power      Damage    Failure   Level
 Poisonous Vapours        Pois/Air       28%        N/A       2%          2
 Freeze                   Ice            16%        1d4       6%          1
 Hailstorm                Conj/Ice       4%         3d4       16%         3
 Vhi's Electric Charge    Tloc/Air       8%         N/A       16%         3
 Anguish                  Hex/Necr       2%         N/A       45%         4
 Arcjolt                  Conj/Air       2%         1d12      80%         5
 Plasma Beam              Fire/Air       2%         2x1d13    100%        6


Dungeon Overview and Level Annotations

Branches:
Dungeon (7/15)
 Temple: D:4-7

Altars:
Cheibriados
Elyvilon
Qazlal
Uskayaw


Innate Abilities, Weirdness & Mutations

You are a tree.
Your roots penetrate the ground, keeping you stationary.
You cannot be teleported.
You are immune to unholy pain and torment.
Your maximum health is greatly increased.
Your equipment is partially melded.
You are immune to sickness and miasma.
((Your stone body is resilient. (AC +5)))
You are immune to poison.
You resist negative energy. (rN+)
((You are resistant to electric shocks. (rElec)))
You are resistant to unholy torment.
You are immune to petrification.


Message History

Press: ? - help, Dir - look around, f - activate You miscast Frozen Ramparts.
Nothing appears to happen.
The jelly hits you but does no damage.
Unknown command.
Casting: Frozen Ramparts (dangerous; 16% risk of failure)
Confirm with . or Enter, or press ? or * to list all spells.
Casting: Frozen Ramparts (dangerous; 16% risk of failure)
Press: ? - help, Dir - look around, f - activate The walls around you are covered in ice.
The wall freezes the jelly.
The jelly misses you.
The wight completely resists.
The wall freezes the wight but does no damage.
A wight comes into view. It is wielding a +0 halberd.
Unknown command.
You hit the jelly.
Your hands burn!
* * * LOW HITPOINT WARNING * * *
The jelly is heavily wounded.
The wall freezes the wight but does no damage.
The wall freezes the jelly.
The jelly completely misses you.
The wall freezes the wight but does no damage.
The wight barely misses you.
You hit the jelly.
Your hands burn!
* * * LOW HITPOINT WARNING * * *
The jelly is heavily wounded.
The wall freezes the jelly.
The jelly hits you but does no damage.
The wight completely resists.
The wall freezes the wight but does no damage. x2
The wight closely misses you.
Really quaff the potion of lignification?
You turn into a tree.
Your +0 pair of gloves melds into your body.
Your +1 pair of boots melds into your body.
Your +0 robe melds into your body.
Your roots penetrate the ground.
The wall freezes the jelly.
The jelly hits you but does no damage.
The wall freezes the wight but does no damage. x2
The wight hits you but does no damage.
You hit the jelly.
You kill the jelly!
The wall freezes the wight but does no damage. x2
The wight hits you from afar with a +0 halberd!
You die...

#...>.....#
#........#
#...<....#
#....<...#
#........#
#........# .#
#........# #..#
#........###...#
.........)z♣..#
###........###z.#
########## ....
####


You could see 2 wights.

Vanquished Creatures
  Sigmund (D:2)
  Eustachio (D:6)
  An ice beast (D:6)
  An ogre (D:6)
  A black bear (D:4)
  3 phantoms (D:5)
  A bullfrog (D:6)
  4 scorpions
  3 hounds
  A jelly (D:7)
  An orc priest (D:4)
  Crazy Yiuf (D:5)
  4 iguanas
  A sleepcap (D:5)
  An orc wizard (D:3)
  7 gnolls
  3 adders
  2 shadow imps (D:5)
  2 white imps
  A worm (D:2)
  11 orcs
  4 bats
  11 endoplasms
  4 giant cockroaches
  6 goblins
  4 hobgoblins
  2 jackals (D:1)
  4 kobolds
  4 quokkas
  6 ball pythons
  3 frilled lizards
  11 rats
110 creatures vanquished.

Notes
Turn   | Place    | Note
-------+----------+-------------------------------------------
     0 | D:1      | Arctor the Gargoyle Venom Mage began the quest for the Orb.
     0 | D:1      | Reached XP level 1. HP: 10/10 MP: 3/3
    85 | D:1      | Reached skill level 1 in Transmutations
    85 | D:1      | Reached XP level 2. HP: 15/15 MP: 1/5
   504 | D:1      | Found a faded altar of an unknown god.
   525 | D:1      | Reached XP level 3. HP: 19/19 MP: 6/6
   703 | D:1      | Learned a level 3 spell: Frozen Ramparts
  1343 | D:2      | Noticed Sigmund
  1644 | D:3      | Found a snail-covered altar of Cheibriados.
  1984 | D:3      | Learned a level 2 spell: Ensorcelled Hibernation
  2142 | D:2      | Found a hide-covered altar of Uskayaw.
  2183 | D:2      | Reached XP level 4. HP: 22/24 MP: 7/7
  2410 | D:2      | Killed Sigmund
  2411 | D:2      | Reached XP level 5. HP: 24/28 MP: 2/9
  2848 | D:4      | Reached XP level 6. HP: 24/32 MP: 6/10
  2849 | D:4      | Noticed a black bear
  2895 | D:4      | Killed a black bear
  2975 | D:4      | Learned a level 3 spell: Mephitic Cloud
  3576 | D:4      | Reached XP level 7. HP: 25/36 MP: 7/12
  4099 | D:5      | Entered Level 5 of the Dungeon
  4274 | D:5      | Reached skill level 1 in Fighting
  4451 | D:5      | Found a stormy altar of Qazlal.
  4517 | D:5      | Reached skill level 5 in Stealth
  4517 | D:5      | Reached XP level 8. HP: 36/43 MP: 13/13
  4607 | D:5      | Reached skill level 5 in Poison Magic
  4859 | D:5      | Found a runed translucent door.
  4860 | D:5      | Noticed Crazy Yiuf
  4868 | D:5      | Identified the +3 trident "Gioh" {freeze, rElec rF++ Will-
                  | rCorr}
  5444 | D:5      | Killed Crazy Yiuf
  5591 | D:6      | Found a white marble altar of Elyvilon.
  6081 | D:6      | Noticed Eustachio
  6151 | D:6      | Killed Eustachio
  6256 | D:6      | Learned a level 4 spell: Olgreb's Toxic Radiance
  6410 | D:6      | Learned a level 3 spell: Spider Form
  6462 | D:7      | Slain by a wight

Illustrated notes

Levels and vault maps discovered:
D:1:      evilmike_arrival_plus, layout_basic,
          shapermc_ecumenical_altar_acropolis, chequers_serial_rivers_micro_b,
          minmay_misc_feat_pillars
D:2:      layout_rooms, basic_altar, uniq_sigmund
D:3:      layout_basic, cheibriados_altar_1
D:4:      layout_loops_cross, kennysheep_generic_room_12
D:5:      layout_basic, mainiacjoe_overflow_six_doors_small,
          uniq_crazy_yiuf_cottage
D:6:      layout_gridville, old_standard_altar,
          minmay_temple_entry_antechambers, uniq_eustachio
D:7:      layout_rooms, xom_teletrap_fun

Skill      XL: |  1  2  3  4  5  6  7  8 |
---------------+-------------------------+-----
Transmutations | 1 2 3 |  3.8
Dodging        | 2 3 4 |  4.1
Stealth        | 3 4 5 |  5.9
Spellcasting   | 3 4 |  4.6
Poison Magic   | 4 5 |  5.5
Fighting       | 1 3 |  3.2

Action                     |  1- 3 |  4- 6 |  7- 9 || total
---------------------------+-------+-------+-------++-------
  Melee: Unarmed           |    19 |       |     4 ||    23
         Punch             |     2 |     1 |     4 ||     7
         Dagger            |   101 |    75 |   362 ||   538
   Cast: Sting             |     7 |     4 |     8 ||    19
         Ensorcelled Hiber |       |     9 |       ||     9
         Frozen Ramparts   |       |     6 |    16 ||    22
         Olgreb's Toxic Ra |       |       |     1 ||     1
         Spider Form       |       |       |     1 ||     1
    Use: Scroll            |       |     6 |     6 ||    12
         Potion            |       |       |     6 ||     6
   Stab: Sleeping          |     3 |     7 |     3 ||    13
         Distracted        |       |       |     1 ||     1
 Armour: Robe              |    35 |    27 |    94 ||   156
         Skin              |       |       |    13 ||    13
  Dodge: Dodged            |    74 |    81 |   328 ||   483
